 Dungeon Crawl Stone Soup version 0.29-a0-841-g116ddc6ace (webtiles) character file.

Game seed: 5381397708342254468

15 IdlyInterested the Cudgeller (level 2, 0/22 HPs)
             Began as a Demonspawn Gladiator on July 14, 2022.
             Slain by a frilled lizard (1 damage)
             ... on level 2 of the Dungeon.
             The game lasted 00:02:32 (1490 turns).

IdlyInterested the Cudgeller (Demonspawn Gladiator) Turns: 1490, Time: 00:02:32

Health: 0/22       AC:  4    Str: 14    XL:     2   Next: 34%
Magic:  2/2        EV: 12    Int:  9    God:
Gold:   67         SH:  0    Dex: 14    Spells: 1/1 levels left

rFire   . . .      SeeInvis .   a - +0 flail
rCold   . . .      Faith    .   (no shield)
rNeg    . . .      Spirit   .   b - +0 leather armour
rPois   .          Reflect  .   h - +0 helmet
rElec   .          Harm     .   (no cloak)
rCorr   .          Rampage  .   (no gloves)
Will    .....                   (no boots)
Stlth   +.........              (no amulet)
HPRegen 0.07/turn               (no ring)
MPRegen 0.08/turn               (no ring)

@: no status effects
A: demonic magic 1
a: no special abilities


You were on level 2 of the Dungeon.
You visited 1 branch of the dungeon, and saw 2 of its levels.

You collected 67 gold pieces.

Inventory:

Hand Weapons
 a - a +0 flail (weapon)
Missiles
 d - 3 throwing nets (quivered)
 e - a javelin
Armour
 b - a +0 leather armour (worn)
 h - a +0 helmet (worn)
Scrolls
 f - a scroll of teleportation
 i - 2 scrolls of fear
 n - a scroll of poison {unknown}
Potions
 k - a potion of attraction
 l - a potion of brilliance
 m - a potion of flight {unknown}


   Skills:
 - Level 2.0 Fighting
 + Level 2.9 Maces & Flails
 - Level 1.7 Throwing
 * Level 1.4 Armour
 - Level 2.6 Dodging


You had one spell level left.
You didn't know any spells.
Your spell library was empty.

Dungeon Overview and Level Annotations

Branches:
Dungeon (2/15)

Altars:


Innate Abilities, Weirdness & Mutations

Spells you cast may paralyse adjacent enemies.


Message History

As you read the scroll labelled ILUGYERHA PAUTT, it crumbles to dust.
Wisps of shadow whirl around you...
It was a scroll of summoning.
Your surroundings suddenly seem different.
Splash!
You fall into the shallow water.
Moving in this stuff is going to be slow. 6 frilled lizards, an adder, a ball python and a goblin come into view.
The goblin is wielding a +2 vampiric dagger.
The frilled lizard hisses angrily. x4; The ball python hisses angrily.
The frilled lizard hisses angrily.
The goblin shouts!
The ball python bites you but does no damage.
The ball python barely misses you.
The ball python attacks as you move away!
The ball python bites you.
The frilled lizard unfolds its giant frill.
The frilled lizard misses you. The ball python bites you.
The ball python barely misses you.
You closely miss the adder. The adder bites you.
* * * LOW HITPOINT WARNING * * *
The frilled lizard closely misses you.
The frilled lizard bites you but does no damage.
The frilled lizard closely misses you. The ball python closely misses you.
The ball python completely misses you. The adder closely misses you.
The frilled lizard barely misses you. The frilled lizard bites you.
* * * LOW HITPOINT WARNING * * *
You hit the frilled lizard.
You kill the frilled lizard!
The ball python barely misses you. The ball python closely misses you.
The adder bites you but does no damage.
The frilled lizard completely misses you.
The frilled lizard bites you.
* * * LOW HITPOINT WARNING * * *
The frilled lizard bites you but does no damage.
The ball python bites you but does no damage.
The ball python misses you.
You closely miss the frilled lizard. The adder closely misses you.
The ball python barely misses you. x2; The frilled lizard closely misses you.
The frilled lizard bites you but does no damage.
The frilled lizard closely misses you. The frilled lizard bites you.
You die...

###.#
#....####
#.......##
#..≈≈≈≈..#
#.≈≈≈≈≈≈.#
#.≈≈≈≈≈≈.#
#.≈≈≈≈≈g.#
#..≈llS.#
#...l@ll#
#...#S####
....... .....
##...## #...#
##..
###...### ##
#.......###
#.........
###.......#.#
#...........#


You could see an adder, a goblin, a ball python and 5 frilled lizards.

Vanquished Creatures
  A dart slug (D:1)
  3 ball pythons (D:1)
  An endoplasm (D:1)
  2 goblins
  2 hobgoblins (D:1)
  A frilled lizard (D:2)
  A kobold (D:1)
  A rat (D:1)
12 creatures vanquished.

Notes
Turn   | Place    | Note
-------+----------+-------------------------------------------
     0 | D:1      | IdlyInterested the Demonspawn Gladiator began the quest for
                  | the Orb.
     0 | D:1      | Reached XP level 1. HP: 16/16 MP: 1/1
   446 | D:1      | Reached skill level 1 in Armour
   454 | D:1      | Gained mutation: Spells you cast may paralyse adjacent
                  | enemies. [demonic ancestry]
   454 | D:1      | Reached XP level 2. HP: 14/22 MP: 2/2
  1426 | D:2      | Found a faded altar of an unknown god.
  1489 | D:2      | HP: 1/22 [frilled lizard (2)]
  1490 | D:2      | Slain by a frilled lizard

Illustrated notes

Levels and vault maps discovered:
D:1:      dpeg_arrival_long_road, layout_basic
D:2:      layout_loops_corners, ebering_ecumenical_altar_box,
          minmay_lizard_pond, uniq_robin, uniq_sigmund

Skill      XL: |  1 |
---------------+----+-----
Armour         | 1 |  1.4
Fighting       | |  2.0
Maces & Flails | |  2.9
Throwing       | |  1.7
Dodging        | |  2.6

Action                   || total
-------------------------++-------
Melee: Flail             ||    31
  Use: Scroll            ||     6
Armor: Leather armour    ||    13
Dodge: Dodged            ||    30

Table legend: (Time is in decaauts)
 A = Elapsed time spent in this place.
 B = Non-inter-level travel time spent in this place.
 C = Inter-level travel time spent in this place.
 D = Time resting spent in this place.
 E = Time spent auto-exploring this place.
 F = Levels seen in this place.
 G = Mean time per level.
                   A        B        C        D        E       F      G
               +--------+--------+--------+--------+--------+-----+--------+
         Total |   1497 |   1295 |    202 |    341 |    804 |   2 |  748.5 |
       Dungeon |   1497 |   1295 |    202 |    341 |    804 |   2 |  748.5 |
               +--------+--------+--------+--------+--------+-----+--------+

Top non-repeatable levels by time:
     D:1: 1417 daAuts
     D:2: 80 daAuts
